 Dungeon Crawl Stone Soup version 0.17-a0-1863-g715b4b0 (webtiles) character file.

716742 cookiemonster the Slayer (level 27, -3/390 HPs)
             Began as a Hill Orc Fighter on Sept 19, 2015.
             Was the Champion of Okawaru.
             Slain by a sphinx zombie (11 damage)
             ... on level 21 of a ziggurat on Sept 20, 2015.
             The game lasted 08:06:06 (81050 turns).

cookiemonster the Slayer (Hill Orc Fighter)        Turns: 81050, Time: 08:06:06

Health: -3/390     AC: 33    Str: 29    XL:     27
Magic:  32/32      EV:  2    Int: 10    God:    Okawaru [******]
Gold:   8072       SH: 22    Dex: 19    Spells: 0 memorised, 26 levels left

rFire  + + .     SeeInvis .     a - +8 mithril axe "Arga" {speed, MR+ Str+2}
rCold  + . .     Clarity  .     (armour currently unavailable)
rNeg   + + +     SustAt   .     B - +2 shield {reflect}
rPois  +         Gourm    .     (helmet currently unavailable)
rElec  +         Spirit   .     (cloak currently unavailable)
rCorr  +         Warding  .     (gloves currently unavailable)
rMut   .         NoTele   +     (boots currently unavailable)
MR     +++..                    P - amulet of the Eight Deaths {Regen+ Int+2 Dex-4 Slay+5 Stlth+}
Stlth  ++++......               v - +6 ring of slaying
                                Y - ring "Temain" {+Fly rElec rF+ EV+3 Dex+4}

@: tree-form, silence (expiring), resistant, heroism, very slightly
contaminated, hasted (expiring), very quick, extremely resistant to hostile
enchantments, stealthy
A: strong 2
a: Renounce Religion
}: 3/15 runes: decaying, serpentine, silver


You were on level 21 of a ziggurat.
You worshipped Okawaru.
Okawaru was exalted by your worship.
You were not hungry.
You were a tree.
You visited 10 branches of the dungeon, and saw 54 of its levels.
You visited 1 ziggurat, and saw 21 of its levels.
You also visited: Volcano.

You collected 9418 gold pieces.
You spent 1346 gold pieces at shops.

Inventory:

Hand weapons
 a - the +8 mithril axe "Arga" (weapon) {speed, MR+ Str+2}
   (Okawaru gifted it to you on level 4 of the Orcish Mines)

   Attacks with this weapon are significantly faster.
   It affects your strength (+2).
   It affects your resistance to hostile enchantments.
 b - a +2 broad axe of flaming
 c - the +6 hand crossbow of Trial by Ordeal {flame, Int+5 Stlth-}
   (You found it on level 12 of a ziggurat)

   It causes projectiles fired from it to burn those they strike, causing extra
   injury to most foes and up to half again as much damage against particularly
   susceptible opponents.
   It affects your intelligence (+5).
   It makes you less stealthy.
 d - the +6 scimitar of Blood-Lust {venom, +Blink Int-3 Dex+4}
   (You took it off a yaktaur captain on level 4 of the Vaults)

   It poisons the flesh of those it strikes.
   It affects your intelligence (-3).
   It affects your dexterity (+4).
   It lets you blink.
Missiles
 i - 1831 bolts (quivered)
Armour
 q - a +7 gold dragon armour (melded)
 s - a +1 helmet of see invisible (melded)
 z - a +0 large shield
 B - a +2 shield of reflection (worn)
 C - a +2 pair of gloves of dexterity (melded)
 D - a +2 cloak of magic resistance (melded)
 H - the +2 pair of boots of Dyetot (melded) {rN+ rCorr}
   (Okawaru gifted it to you on level 4 of the Snake Pit)

   It protects you from negative energy.
   It protects you from acid and corrosion.
Jewellery
 f - an uncursed amulet of clarity
 n - an uncursed ring of protection from cold
 v - a +6 ring of slaying (right branch)
 I - an uncursed amulet of guardian spirit
 N - an uncursed amulet of resist mutation
 P - the amulet of the Eight Deaths (around neck) {Regen+ Int+2 Dex-4 Slay+5 Stlth+}
   (You found it on level 18 of a ziggurat)

   [amulet of regeneration]

   It affects your intelligence (+2).
   It affects your dexterity (-4).
   It affects your accuracy and damage with ranged weapons and melee attacks
   (+5).
   It increases your rate of regeneration.
   It makes you more stealthy.
 T - the ring "Keqatiq" {rF+ MR+ Str+4}
   (You found it on level 19 of a ziggurat)

   [ring of strength]

   It affects your strength (+4).
   It protects you from fire.
   It affects your resistance to hostile enchantments.
 X - an uncursed ring of protection from magic
 Y - the ring "Temain" (left branch) {+Fly rElec rF+ EV+3 Dex+4}
   (You found it on level 12 of a ziggurat)

   [ring of evasion]

   It affects your evasion (+3).
   It affects your dexterity (+4).
   It protects you from fire.
   It insulates you from electricity.
   It lets you fly.
Magical devices
 w - a wand of hasting (6)
 A - a wand of disintegration (7)
 O - a wand of teleportation (9)
Scrolls
 j - 36 scrolls of teleportation
 m - 15 scrolls of recharging
 o - 4 scrolls of blinking
 p - 36 scrolls of remove curse
 r - 14 scrolls of fog
 u - 15 scrolls of amnesia
 y - 21 scrolls of enchant weapon
 F - 16 scrolls of identify
 V - a scroll of magic mapping
 W - 2 scrolls of silence
 Z - 3 scrolls of brand weapon
Potions
 t - 12 potions of lignification
 x - 7 potions of magic
 G - 3 potions of cancellation
 L - 10 potions of flight
 Q - 8 potions of berserk rage
 S - 2 potions of cure mutation
Books
 M - Lahuaxkoas's Almanac of Lethal Darkness
   (You found it on level 20 of a ziggurat)

   Spells                             Type                      Level
   a - Animate Skeleton               Necromancy                   1
   b - Stone Arrow                    Conjuration/Earth            3
   c - Control Undead                 Necromancy                   4
   d - Bolt of Draining               Conjuration/Necromancy       5
   e - Cigotuvi's Embrace             Necromancy                   5
 R - a book of Debilitation

   Spells                             Type                      Level
   a - Corona                         Hexes                        1
   b - Slow                           Hexes                        2
   c - Gell's Gravitas                Hexes/Translocation          3
   d - Inner Flame                    Hexes/Fire                   3
   e - Cause Fear                     Hexes                        4
   f - Leda's Liquefaction            Hexes/Earth                  4
Comestibles
 e - 28 bread rations
 K - 16 beef jerkies
 U - 16 royal jellies


   Skills:
 * Level 23.7(27) Fighting
 - Level 23.1(27) Axes
 * Level 15.5(20.5) Crossbows
 - Level 23.0(27) Armour
 - Level 23.0(27) Dodging
 - Level 23.0(27) Shields
 - Level 13.1 Invocations
 - Level 10.0 Evocations


You had 26 spell levels left.
You didn't know any spells.

Dungeon Overview and Level Annotations

Branches:
Dungeon (15/15)            Temple (1/1) D:7            Lair (8/8) D:9
  Swamp (4/4) Lair:3        Snake (4/4) Lair:6        Slime (0/6) Lair:7
    Orc (4/4) D:12            Elf (3/3) Orc:3        Vaults (5/5) D:13
  Crypt (0/3) Vaults:3     Depths (5/5) D:15            Zot (5/5) Depths:5

Altars:
Ashenzari
Cheibriados
Dithmenos
Elyvilon
Fedhas
Gozag
Kikubaaqudgha
Makhleb
Nemelex Xobeh
Okawaru
Qazlal
Ru
Sif Muna
Trog
Vehumet
Xom
Yredelemnul
Zin
The Shining One
Beogh

Shops:
D:8 (!   D:9 =   Orc:2 (   Orc:3 =!!*}   Orc:4 }*[*=   Elf:1 !   Elf:2 =
Snake:4 (   Vaults:2 (   Vaults:3 }=(:*

Portals:
Hell: Depths:1 Depths:2 Depths:3 Depths:4 Depths:5
Abyss: Depths:4
Pandemonium: Depths:3
Trove: Elf:1 (give 5 scrolls of blinking)

Annotations:
Depths:4 exclusion: ice statue


Innate Abilities, Weirdness & Mutations

Your muscles are very strong. (Str +4)


Message History

You hit the Brimstone Fiend.
The Brimstone Fiend is heavily wounded.
You block the reaper's attack. You block the red devil's attack.
The hell hound breathes flames at you.
The blast of flame misses the red devil.
Helpless, you fail to dodge the blast of flame.
You resist.
* * * LOW HITPOINT WARNING * * *
The blast of flame hits the golden dragon zombie.
The elf zombie hits you but does no damage.
You hit the bone dragon but do no damage.
The bone dragon is moderately damaged.
You slice the Brimstone Fiend!!
The Brimstone Fiend is almost dead.
You hit the sphinx zombie. You slice the hellion!!
You kill the hellion!
Okawaru accepts your kill.
You hit the golden dragon zombie. You slice the elf zombie!!
The sphinx zombie hits you!
You die...

............
........................
.........# ............
........# ...........
.......# #......Z..Z
.......# #..4Z2Z....
.......## ##.2ZhZZh...
........## ##.4ZD1ZZZ...
.........###..2Z♣.2ZZ2..
............)...Z.42Z2..
...............Z2ZZh....
................22......
▓▓▓▓.............▓▓▓▓▓▓▓
▓........p....▓
▓.............▓
▓.............▓
▓.............▓


You could see a bone dragon, a Brimstone Fiend, a reaper, a balrug, a hell
knight, 2 hell hogs, 5 hellions, 3 tormentors, 3 red devils, a hell hound, a
shadow dragon zombie, a storm dragon zombie, an iron dragon zombie, a golden
dragon zombie, 2 sphinx zombies, an elf zombie, an elf zombie, an elf zombie, an
elf zombie, a tengu zombie, 2 shadow dragon skeletons, a titan skeleton, 3 tengu
skeletons, a caustic shrike skeleton and a juggernaut skeleton.

Vanquished Creatures
  6 ancient liches
  3 orbs of fire (Zot:5)
  Mara (Swamp:4)
  Mennas (Vaults:3)
  Boris (Depths:3)
  Saint Roka (Elf:2)
  Vashnia (Snake:4)
  3 Killer Klowns (Zot:5)
  A curse toe (Zot:3)
  2 pandemonium lords
  4 golden dragons
  A profane servitor (Zig:16)
  3 bone dragons (Depths:5)
  3 Brimstone Fiends
  Jorgrun (Vaults:3)
  3 electric golems
  Rupert (Snake:1)
  A Hell Sentinel (Zig:13)
  7 liches
  2 Ice Fiends (Zig:13)
  17 tentacled monstrosities
  25 Orb Guardians (Zot:5)
  Asterion (Snake:4)
  5 quicksilver dragons
  3 titans
  3 deep elf blademasters
  5 acid blobs
  8 death cobs
  3 Shadow Fiends
  2 deep elf master archers (Elf:3)
  5 sphinxes
  Agnes (Elf:1)
  9 shadow dragons
  An eldritch tentacle (Vaults:3)
  2 thorn hunters
  The ghost of Phlounder the Geomancer, a mighty GrEE of Sif Muna (Swamp:1)
  The ghost of Quilty the Severer, a mighty MiFi of Qazlal (Swamp:4)
  Kirke (D:15)
  6 draconian monks
  15 greater nagas
  13 storm dragons
  7 tengu reavers
  Wiglaf (Snake:3)
  11 fire giants
  5 revenants (Zig:16)
  2 azure jellies
  11 ghost moths
  5 black suns
  7 draconian knights
  8 frost giants
  6 balrugs
  A cacodemon (Zig:18)
  4 iron dragons
  8 deep elf sorcerers
  Aizul (Swamp:3)
  Louise (Swamp:2)
  9 draconian scorchers
  24 vault wardens
  2 curse skulls (Zig:16)
  8 large abominations
  9 draconian zealots
  2 emperor scorpions
  A warmonger (Zig:18)
  A caustic shrike zombie (Zig:11)
  9 draconian shifters
  A spriggan defender (Depths:3)
  4 vampire knights
  15 ironheart preservers
  21 very ugly things
  2 caustic shrike skeletons (Zig:21)
  8 draconian annihilators
  3 war gargoyles
  4 draconian callers
  4 corrupters
  5 reapers
  6 deep elf demonologists (Elf:3)
  27 stone giants
  10 green draconians
  2 lorocyprocas
  The ghost of comborobin the Imperceptible, a powerful SpAK of Lugonu (Swamp:1)
  3 blood saints (Zig:18)
  Azrael (D:14)
  The ghost of MoronicCinamun the Whirler, a powerful DDWr of Elyvilon (D:12)
  14 yellow draconians
  10 deep elf annihilators
  12 red draconians
  6 black draconians
  2 salamander stormcallers
  3 green deaths
  10 mottled draconians
  17 purple draconians
  7 white draconians
  A blizzard demon (Zig:13)
  4 crystal guardians (Zig:14)
  6 eidola (Zig:16)
  Snorg (Lair:5)
  9 deep elf death magi
  17 great orbs of eyes
  A fire dragon (shapeshifter) (Elf:2)
  The ghost of rchandra the Covert, a powerful SpAr of Gozag (Lair:2)
  Josephine (Lair:8)
  12 fire dragons
  26 yaktaur captains
  39 vault guards
  15 ogre magi
  14 ettins
  A minotaur (shapeshifter) (Vaults:3)
  6 deep elf high priests
  11 entropy weavers
  14 hydras
  Harold (D:11)
  4 rakshasas
  A quicksilver dragon skeleton (Zig:11)
  A hell beast (Zig:18)
  16 naga warriors
  23 ice dragons
  A death knight (Vaults:3)
  Erica (D:9)
  7 anacondas
  2 catoblepae
  15 dancing weapons
  3 ghost crabs
  7 centaur warriors
  2 spriggan air magi (Depths:2)
  17 death yaks
  4 vampire magi
  17 deep troll earth magi
  11 deep troll shamans
  7 tengu warriors
  18 naga sharpshooters
  A shock serpent (shapeshifter) (Depths:1)
  Urug (D:15)
  An orc high priest (Elf:1)
  3 shock serpents
  5 spriggan berserkers
  18 alligators
  A sun demon (Zig:18)
  5 iron golems
  A hell hog (Depths:1)
  2 storm dragon zombies
  10 hell knights
  3 soul eaters
  5 small abominations
  8 iron trolls
  5 shadow wraiths
  43 deep trolls
  4 skeletal warriors (Vaults:2)
  3 flayed ghosts
  A death drake (shapeshifter) (Vaults:2)
  A storm dragon skeleton (Zig:21)
  7 unseen horrors
  An unseen horror (shapeshifter) (Vaults:5)
  19 deep elf knights
  A deep troll (shapeshifter) (Vaults:5)
  7 swamp dragons
  5 deep elf summoners
  A death drake (Zig:7)
  3 ice statues (Depths:4)
  9 naga ritualists
  A gelid demonspawn (Zig:13)
  3 shadow demons (Zig:18)
  2 giant orange brains (Depths:4)
  8 hill giants
  A putrid demonspawn (Zig:18)
  Pikel (D:7)
  19 deep elf conjurers
  A shambling mangrove (Zig:17)
  16 ironbrand convokers
  A sphinx zombie (Zig:11)
  A manticore (D:14)
  3 phantasmal warriors (Vaults:5)
  An orb spider (shapeshifter) (Depths:1)
  A shining eye (Depths:1)
  3 harpies (Vaults:1)
  3 wizards
  A stone giant zombie (Depths:2)
  A harpy (shapeshifter) (Vaults:2)
  16 hornets
  23 orc knights
  A fire giant zombie (Vaults:4)
  9 mana vipers
  9 cyclopes
  17 orb spiders
  A human zombie (Vaults:4)
  7 necromancers
  2 salamanders (shapeshifter)
  A shadow dragon skeleton (Depths:2)
  21 wolf spiders
  A sixfirhy (Zig:18)
  7 salamanders
  23 moths of wrath
  2 orc sorcerers
  75 ugly things
  The ghost of MoronicCinamun the Skirmisher, an experienced DsAK of Lugonu (D:5)
  9 griffons
  A sphinx skeleton (Depths:2)
  The ghost of Blomdor the Magician, an experienced DEWz (D:6)
  11 elephants
  An iron dragon skeleton (Zig:21)
  Maurice (Orc:2)
  A black mamba (shapeshifter) (Depths:3)
  An octopode (shapeshifter) (Depths:5)
  25 spiny frogs
  12 naga magi
  A fire giant skeleton (Depths:2)
  A human skeleton (Vaults:4)
  4 centaur zombies
  An elephant (shapeshifter) (Vaults:2)
  A titan simulacrum (Vaults:4)
  A frost giant skeleton (Depths:2)
  4 torpor snails
  16 vault sentinels
  41 black mambas
  10 guardian serpents
  3 smoke demons (Zig:18)
  2 orange demons (Zig:18)
  9 komodo dragons
  65 yaktaurs
  The ghost of MoronicCinamun the Poker, an experienced DsCK of Xom (D:4)
  5 spectral swamp worms (Depths:3)
  3 gargoyles
  3 fire drakes
  4 hellions
  4 kobold demonologists
  3 demonic crawlers
  A fire drake (shapeshifter) (Vaults:2)
  A yaktaur (shapeshifter) (Elf:3)
  14 freezing wraiths
  A tengu conjurer (Depths:5)
  3 spriggan druids
  12 deep elf priests
  3 hellwings (Zig:18)
  4 tormentors
  5 trolls
  23 two-headed ogres
  11 polar bears
  A komodo dragon (shapeshifter) (Vaults:3)
  A giant leech (shapeshifter) (Vaults:5)
  A queen bee (D:9)
  7 bog bodies
  11 giant leeches
  A minotaur skeleton (Volcano)
  14 blink frogs
  35 slime creatures
  10 boulder beetles
  8 trapdoor spiders
  A queen bee (shapeshifter) (Depths:2)
  18 jumping spiders
  14 tarantellas
  A blink frog (shapeshifter) (Vaults:4)
  2 air elementals (Depths:2)
  15 wraiths
  A centaur simulacrum (D:15)
  30 redbacks
  18 spriggans
  34 deep elf fighters
  16 deep elf magi
  4 vampires
  3 wyverns
  5 shadows
  A basilisk (shapeshifter) (Depths:1)
  A hippogriff (shapeshifter) (Vaults:4)
  27 vampire mosquitoes
  5 hogs (D:15)
  2 flying skulls (Volcano)
  An elf zombie (Zig:11)
  3 fire elementals (D:14)
  34 yaks
  A human (shapeshifter) (Vaults:2)
  Grum (Lair:1)
  2 basilisks
  45 nagas
  9 hippogriffs
  A steam dragon (D:15)
  2 swamp worm simulacra (Swamp:4)
  3 hungry ghosts
  6 wargs
  Menkaure (Volcano)
  29 wolves
  4 mottled dragons
  12 insubstantial wisps
  13 hydra simulacra (Swamp:4)
  A soldier ant (D:11)
  22 swamp worms
  15 water moccasins
  6 chaos spawn (Depths:4)
  8 hell hounds
  11 porcupines
  A slave (D:7)
  8 swamp drakes
  3 merfolk skeletons (Volcano)
  2 sky beasts
  3 spiders
  A boggart (shapeshifter) (Vaults:1)
  20 ice beasts
  58 orc warriors
  8 black bears
  A wasp (shapeshifter) (Vaults:4)
  14 boggarts
  4 eyes of draining
  8 phantoms
  50 ogres
  A manticore skeleton (Volcano)
  7 crocodiles
  20 wasps
  A brain worm (D:12)
  19 centaurs
  17 giant frogs
  2 big kobolds
  A giant frog (shapeshifter) (Vaults:5)
  3 earth elementals (Zig:14)
  5 scorpions
  A wyvern zombie (D:14)
  A wyvern skeleton (D:10)
  A troll skeleton (Volcano)
  7 wights
  30 killer bees
  2 electric eels
  A spriggan skeleton (Volcano)
  A giant frog zombie (D:5)
  10 crimson imps
  5 centaur skeletons
  22 orc priests
  10 jellies
  A gnoll shaman (D:9)
  12 worker ants
  5 hounds
  11 iguanas
  An iron imp (Depths:3)
  Natasha (D:3)
  34 orc wizards
  A two-headed ogre skeleton (Volcano)
  A lightning spire (Zig:15)
  23 sheep
  A hound skeleton (D:4)
  3 naga skeletons (Volcano)
  An ogre skeleton (Volcano)
  2 mummies (Volcano)
  A worker ant zombie (D:5)
  13 adders
  8 gnolls
  3 shadow imps
  12 white imps (D:11)
  34 river rats
  2 oozes
  6 swamp drake simulacra (Swamp:4)
  A worm (D:2)
  3 giant geckos
  174 orcs
  5 ball pythons
  A bat (D:2)
  4 goblins
  10 hobgoblins
  5 jackals
  12 kobolds
  7 quokkas
  3 giant cockroaches
  2 giant newts
  A quokka skeleton (D:8)
  5 rats
  7 briar patches
  6 crawling corpses
  2 fire vortices (Zig:9)
  9 fungi
  7 plants
2937 creatures vanquished.

Vanquished Creatures (collateral kills)
  A tentacled monstrosity (Zig:17)
  An iron dragon (Zig:14)
  4 hydras (Zig:17)
  A swamp dragon (Zig:17)
  A shambling mangrove (Zig:17)
  A spiny frog (Zig:17)
  A slime creature (Zig:17)
  A giant leech (Zig:17)
  2 bog bodies (Zig:17)
  A boulder beetle (Zig:14)
  2 wasps (Zig:17)
16 creatures vanquished.

Vanquished Creatures (others)
  A greater naga (Zig:12)
  A caustic shrike zombie (Zig:11)
  A cacodemon (Zig:18)
  A ghost moth (Zig:20)
  A draconian zealot (Zot:2)
  A green draconian (Zot:1)
  A draconian caller (Zig:19)
  A large abomination (Depths:5)
  A green death (Zig:17)
  An ettin (Vaults:5)
  A deep elf high priest (Depths:5)
  3 hydras
  A deep troll earth mage (Depths:3)
  A dancing weapon (Vaults:5)
  A shadow demon (Zig:13)
  A storm dragon skeleton (Zig:11)
  2 deep trolls
  A golden dragon zombie (Zig:11)
  A swamp dragon (Swamp:4)
  A spriggan druid (Zig:17)
  An orb spider (Zig:20)
  A tengu skeleton (Depths:2)
  A hornet (shapeshifter) (Zig:9)
  A freezing wraith (Zig:9)
  2 yaktaurs (Depths:5)
  A deep elf priest (Zig:9)
  2 jumping spiders
  A spriggan (Zig:17)
  A ynoxinul (Zig:18)
  A deep elf mage (D:11)
  An insubstantial wisp (Zig:17)
  An orc warrior (Orc:4)
  A slave (D:7)
  2 boggarts
  A wasp (Zig:17)
  An earth elemental (Zig:14)
  A worker ant (D:7)
  An orc wizard (D:5)
  A briar patch (Zig:7)
  21 eldritch tentacle segments (Vaults:3)
  8 fungi
  7 plants
81 creatures vanquished.

Grand Total: 3034 creatures vanquished

Notes
Turn   | Place    | Note
--------------------------------------------------------------
     0 | D:1      | cookiemonster the Hill Orc Fighter began the quest for the Orb.
     0 | D:1      | Reached XP level 1. HP: 19/19 MP: 1/1
    99 | D:1      | Reached XP level 2. HP: 24/27 MP: 2/2
   373 | D:2      | Reached XP level 3. HP: 25/33 MP: 3/3
   611 | D:2      | Reached skill level 4 in Fighting
  1471 | D:3      | Noticed Natasha
  1478 | D:3      | Killed Natasha
  1478 | D:3      | Reached XP level 4. HP: 24/40 MP: 4/4
  2012 | D:4      | Reached XP level 5. HP: 41/47 MP: 5/5
  2173 | D:4      | Noticed MoronicCinamun's ghost (experienced DsCK)
  2502 | D:4      | Noticed a centaur
  2516 | D:4      | Killed a centaur
  2516 | D:4      | Reached XP level 6. HP: 14/55 MP: 6/6
  3136 | D:4      | Killed MoronicCinamun's ghost
  3136 | D:4      | Reached skill level 5 in Fighting
  3136 | D:4      | Reached skill level 5 in Axes
  3136 | D:4      | Reached skill level 5 in Armour
  3136 | D:4      | Reached skill level 5 in Shields
  3136 | D:4      | Reached XP level 7. HP: 31/61 MP: 7/7
  3578 | D:5      | Entered Level 5 of the Dungeon
  3578 | D:5      | Noticed MoronicCinamun's ghost (experienced DsAK)
  3990 | D:5      | Reached skill level 6 in Fighting
  4280 | D:5      | Killed MoronicCinamun's ghost
  4280 | D:5      | Reached XP level 8. HP: 29/71 MP: 8/8
  4488 | D:5      | Found a sparkling altar of Nemelex Xobeh.
  4513 | D:5      | Found an opulent altar of Gozag.
  4815 | D:5      | Reached skill level 7 in Fighting
  4886 | D:5      | Found a glowing golden altar of the Shining One.
  4888 | D:5      | Noticed an angel
  4922 | D:5      | Found a basalt altar of Yredelemnul.
  5574 | D:6      | Reached XP level 9. HP: 79/79 MP: 9/9
  6014 | D:6      | Reached skill level 8 in Axes
  6229 | D:6      | Noticed Blomdor's ghost (experienced DEWz)
  6272 | D:6      | Killed Blomdor's ghost
  6467 | D:6      | Found an ancient bone altar of Kikubaaqudgha.
  6923 | D:7      | Noticed Pikel
  6962 | D:7      | Killed Pikel
  6962 | D:7      | Reached skill level 9 in Fighting
  7054 | D:7      | Found a staircase to the Ecumenical Temple.
  7063 | Temple   | Entered the Ecumenical Temple
  7118 | Temple   | Became a worshipper of Warmaster Okawaru
  7328 | D:7      | Reached XP level 10. HP: 82/91 MP: 10/10
  7565 | D:8      | Found Juhot's Weapon Shoppe.
  7643 | D:8      | Found Useheuje's Distillery.
  7650 | D:8      | Bought a potion of heal wounds for 70 gold pieces
  8238 | D:8      | Acquired Okawaru's first power
  8521 | D:9      | Found a staircase to the Lair.
  8732 | D:9      | Reached skill level 10 in Axes
  8760 | D:9      | Found Wesiacvic's Jewellery Emporium.
  8939 | D:9      | Noticed Erica
  8952 | D:10     | Entered Level 10 of the Dungeon
  9072 | D:10     | Reached skill level 10 in Fighting
  9378 | D:10     | Noticed a cyclops
  9387 | D:10     | Killed a cyclops
  9387 | D:10     | Reached XP level 11. HP: 83/101 MP: 8/11
  9830 | D:9      | Killed Erica
  9830 | D:9      | Reached skill level 11 in Axes
  9830 | D:9      | Reached skill level 10 in Armour
  9923 | D:9      | Reached skill level 10 in Shields
 10130 | D:9      | Reached skill level 1 in Dodging
 10475 | D:11     | Noticed a four-headed hydra
 10486 | D:11     | Killed a one-headed hydra
 10602 | D:11     | Noticed Harold
 10626 | D:11     | Killed Harold
 10626 | D:11     | Acquired Okawaru's second power
 11496 | D:11     | Killed an unseen horror
 11496 | D:11     | Reached XP level 12. HP: 40/110 MP: 9/12
 12417 | D:12     | Found a staircase to the Orcish Mines.
 12445 | Orc:1    | Entered Level 1 of the Orcish Mines
 12681 | Orc:1    | Received a gift from Okawaru
 12937 | Orc:1    | Upgraded the game from 0.17-a0-1850-g688e747 to 0.17-a0-1851-gf12a9eb
 13274 | Orc:2    | Found Tallowk's Weapon Shoppe.
 13621 | Orc:2    | Found a roughly hewn altar of Beogh.
 13877 | Orc:3    | Found Bakuqel's Distillery.
 13883 | Orc:3    | Found Tokuoh's Jewellery Emporium.
 13970 | Orc:3    | Found a staircase to the Elven Halls.
 13994 | Orc:3    | Found Pobavul's Distillery.
 13996 | Orc:3    | Found Esimarib's General Store.
 14034 | Orc:3    | Bought a potion of heal wounds for 65 gold pieces
 14037 | Orc:3    | Bought a scroll of identify for 26 gold pieces
 14395 | Orc:3    | Reached skill level 12 in Axes
 14553 | Orc:2    | Noticed Maurice
 14575 | Orc:2    | Killed Maurice
 14852 | Orc:4    | Entered Level 4 of the Orcish Mines
 15364 | Orc:4    | Found Daoned's Jewellery Emporium.
 15489 | Orc:4    | Reached skill level 5 in Dodging
 15854 | Orc:4    | Received a gift from Okawaru
 16133 | Orc:4    | Found Puaxuetis's Armour Shop.
 16133 | Orc:4    | Found Haxo's Assorted Antiques.
 16149 | Orc:4    | Found Cirobaz's Gadget Shoppe.
 16151 | Orc:4    | Found Zohad's General Store.
 16166 | Orc:4    | Bought a +0 pair of gloves for 45 gold pieces
 16172 | Orc:4    | Bought a shimmering plate armour for 868 gold pieces
 16182 | Orc:4    | Identified the +5 plate armour of Peek-a-Boo {rF- Slay+4} (You bought it in a shop on level 4 of the Orcish Mines)
 16530 | Orc:3    | Found Liem's Gadget Emporium.
 16823 | Lair:1   | Entered Level 1 of the Lair of Beasts
 16841 | Lair:1   | Noticed Grum
 16857 | Lair:1   | Killed Grum
 17968 | Lair:2   | Noticed rchandra's ghost (powerful SpAr)
 17968 | Lair:2   | Reached XP level 13. HP: 117/119 MP: 13/13
 17975 | Lair:2   | Killed rchandra's ghost
 18258 | Lair:2   | Received a gift from Okawaru
 18553 | Lair:2   | Reached skill level 13 in Axes
 18838 | Lair:3   | Found a staircase to the Swamp.
 20358 | Lair:5   | Received a gift from Okawaru
 20369 | Lair:5   | Noticed Snorg
 20378 | Lair:5   | Killed Snorg
 20428 | Lair:5   | Reached XP level 14. HP: 129/129 MP: 14/14
 21439 | Orc:4    | Bought a scroll of identify for 62 gold pieces
 21781 | Lair:6   | Received a gift from Okawaru
 21798 | Lair:6   | Got a steaming demon blade {god gift}
 21799 | Lair:6   | Identified the +5 demon blade "Tykhoure" {venom, rN+} (Okawaru gifted it to you on level 6 of the Lair of Beasts)
 21935 | Lair:6   | Found a dark tunnel.
 21944 | Volcano  | Entered a volcano
 22123 | Volcano  | Noticed Menkaure
 22127 | Volcano  | Killed Menkaure
 22337 | Lair:6   | Found a staircase to the Snake Pit.
 22427 | Lair:6   | Received a gift from Okawaru
 23122 | Lair:7   | Reached skill level 14 in Axes
 23475 | Lair:7   | Got a heavily runed plate armour
 23486 | Lair:7   | Identified the +9 plate armour of Love and Death {*Confuse rElec rF+++ Stlth+} (You found it on level 7 of the Lair of Beasts)
 23840 | Lair:7   | Found a staircase to the Slime Pits.
 23886 | Lair:8   | Entered Level 8 of the Lair of Beasts
 24023 | Lair:8   | Noticed Josephine
 24031 | Lair:8   | Killed Josephine
 24089 | Lair:8   | Reached XP level 15. HP: 110/139 MP: 15/15
 24094 | Lair:8   | Received a gift from Okawaru
 24278 | Lair:8   | Reached skill level 10 in Dodging
 24576 | Lair:8   | Received a gift from Okawaru
 24823 | Lair:8   | Identified the Grimoire of Lucky Dislocation (You found it on level 8 of the Lair of Beasts)
 25596 | D:12     | Noticed MoronicCinamun's ghost (powerful DDWr)
 25617 | D:12     | Killed MoronicCinamun's ghost
 25669 | D:12     | Reached skill level 15 in Axes
 26391 | D:13     | Paralysed by an orc sorcerer for 5 turns
 26424 | D:13     | Received a gift from Okawaru
 26494 | D:13     | Found a gate to the Vaults.
 27063 | D:14     | Noticed Azrael
 27086 | D:14     | Killed Azrael
 27205 | D:14     | Reached skill level 15 in Fighting
 27210 | D:14     | Reached XP level 16. HP: 141/149 MP: 13/16
 27878 | D:15     | Entered Level 15 of the Dungeon
 27983 | D:15     | Noticed Kirke
 28000 | D:15     | Killed Kirke
 28095 | D:15     | Noticed Urug
 28112 | D:15     | Killed Urug
 28140 | D:15     | Reached XP level 17. HP: 156/156 MP: 17/17
 28275 | D:15     | Found a staircase to the Depths.
 28342 | D:15     | Received a gift from Okawaru
 28936 | Swamp:1  | Entered Level 1 of the Swamp
 29022 | Swamp:1  | Noticed comborobin's ghost (powerful SpAK)
 29053 | Swamp:1  | Killed comborobin's ghost
 29638 | Swamp:1  | Noticed Phlounder's ghost (mighty GrEE)
 29661 | Swamp:1  | Killed Phlounder's ghost
 29661 | Swamp:1  | Reached skill level 16 in Axes
 30234 | Swamp:2  | Noticed Louise
 30250 | Swamp:2  | Killed Louise
 30622 | Swamp:2  | Received a gift from Okawaru
 30744 | Swamp:3  | Noticed Aizul
 30762 | Swamp:3  | Killed Aizul
 31368 | Swamp:4  | Entered Level 4 of the Swamp
 31726 | Swamp:4  | Noticed Mara
 31736 | Swamp:4  | Noticed cookiemonster's illusion
 31969 | Swamp:4  | Reached XP level 18. HP: 166/166 MP: 18/18
 32133 | Swamp:4  | Noticed Quilty's ghost (mighty MiFi)
 32167 | Swamp:4  | Killed Quilty's ghost
 32336 | Swamp:4  | Received a gift from Okawaru
 32412 | Swamp:4  | Killed Mara
 32829 | Orc:4    | Bought a +2 scale mail of cold resistance for 210 gold pieces
 33518 | Swamp:4  | Reached skill level 15 in Shields
 33963 | Swamp:4  | Got a decaying rune of Zot
 34275 | Snake:1  | Entered Level 1 of the Snake Pit
 34363 | Snake:1  | Noticed Rupert
 34377 | Snake:1  | Killed Rupert
 34459 | Snake:1  | Received a gift from Okawaru
 35334 | Snake:2  | Found a snail-covered altar of Cheibriados.
 35410 | Snake:2  | Reached skill level 17 in Axes
 35663 | Snake:2  | Reached skill level 15 in Armour
 36418 | Snake:3  | Received a gift from Okawaru
 36431 | Snake:3  | Got a pair of steaming boots {god gift}
 36437 | Snake:3  | Identified the +2 pair of boots "Ifyvveq" {Str+4} (Okawaru gifted it to you on level 3 of the Snake Pit)
 36821 | Snake:3  | Noticed Wiglaf
 36847 | Snake:3  | Killed Wiglaf
 37367 | Snake:4  | Entered Level 4 of the Snake Pit
 37367 | Snake:4  | Found Ituntadi's Weapon Emporium.
 37466 | Snake:4  | Noticed Vashnia
 37662 | Snake:4  | Reached XP level 19. HP: 107/174 MP: 13/19
 38019 | Snake:4  | Killed Vashnia
 38424 | Snake:4  | Got a transparent broad axe
 38435 | Snake:4  | Identified the +6 broad axe "Hachun" {chop, *Corrode +Inv +Fly Int+3} (You took it off a naga mage on level 4 of the Snake Pit)
 38602 | Snake:4  | Noticed Asterion
 38615 | Snake:4  | Killed Asterion
 38619 | Snake:4  | Received a gift from Okawaru
 38689 | Snake:4  | Got a pair of blackened boots {god gift}
 38695 | Snake:4  | Identified the +2 pair of boots of Dyetot {rN+ rCorr} (Okawaru gifted it to you on level 4 of the Snake Pit)
 38839 | Snake:4  | Got a serpentine rune of Zot
 39825 | Elf:1    | Entered Level 1 of the Elven Halls
 40197 | Elf:1    | Noticed Agnes
 40209 | Elf:1    | Killed Agnes
 40360 | Elf:1    | Reached skill level 18 in Axes
 40377 | Elf:1    | Found Qin Potu's Distillery.
 40491 | Elf:1    | Found a portal to a secret trove of treasure.
 40499 | Elf:1    | Identified a scroll of acquirement
 40572 | Elf:1    | Found a deep blue altar of Sif Muna.
 40845 | Elf:2    | Found Fuisixuf's Jewellery Emporium.
 40852 | Elf:2    | Received a gift from Okawaru
 41021 | Elf:2    | Found a runed gate.
 41021 | Elf:2    | Found a runed gate.
 41021 | Elf:2    | Found a runed gate.
 41107 | Elf:2    | Noticed Saint Roka
 41126 | Elf:2    | Killed Saint Roka
 41126 | Elf:2    | Reached skill level 15 in Dodging
 41655 | Elf:2    | Reached XP level 20. HP: 148/184 MP: 14/20
 42566 | Vaults:1 | Entered Level 1 of the Vaults
 43887 | Vaults:1 | Received a gift from Okawaru
 44618 | Vaults:2 | Received a gift from Okawaru
 45128 | Vaults:2 | Reached XP level 21. HP: 159/194 MP: 21/21
 45355 | Vaults:2 | Reached skill level 19 in Axes
 45599 | Vaults:2 | Received a gift from Okawaru
 45646 | Vaults:2 | Got a pair of jewelled gloves {god gift}
 45652 | Vaults:2 | Identified the -1 pair of gloves of the Spider Nest {+Inv Regen+} (Okawaru gifted it to you on level 2 of the Vaults)
 45796 | Vaults:2 | Found Diniuv's Antique Weapon Boutique.
 46206 | Vaults:3 | Found Moac Ciw's General Store.
 46855 | Vaults:3 | Found Ashuopho's Jewellery Emporium.
 46873 | Vaults:3 | Found Emamesi's Gadget Shop.
 46895 | Vaults:3 | Noticed Jorgrun
 46906 | Vaults:3 | Killed Jorgrun
 47001 | Vaults:3 | Noticed Mennas
 47074 | Vaults:3 | Killed Mennas
 47402 | Vaults:3 | Found Ibbet's Weapon Shoppe.
 47439 | Vaults:3 | Received a gift from Okawaru
 47728 | Vaults:3 | Found a staircase to the Crypt.
 47857 | Vaults:3 | Found Xoix's Book Emporium.
 48494 | Vaults:4 | Reached XP level 22. HP: 204/204 MP: 22/22
 49993 | Vaults:1 | Received a gift from Okawaru
 50249 | Elf:3    | Entered Level 3 of the Elven Halls
 50433 | Elf:3    | Reached skill level 20 in Axes
 50785 | Elf:3    | Got a smoking brass ring
 50885 | Elf:3    | Identified the ring "Atounou" {SustAt Str+5} (You took it off a deep elf annihilator on level 3 of the Elven Halls)
 51138 | Elf:3    | Got a slimy falchion
 51147 | Elf:3    | Identified the +2 falchion of the Hills {drain, rC- MR+ Str+4} (You found it on level 3 of the Elven Halls)
 51212 | Elf:3    | Got a pitted quarterstaff
 51218 | Elf:3    | Identified the +3 quarterstaff of Dismay {pain, *Drain +Inv Int+8} (You found it on level 3 of the Elven Halls)
 51231 | Elf:3    | Got a pitted sapphire amulet
 51236 | Elf:3    | Identified the Guide on Ashen Combat Magic (You found it on level 3 of the Elven Halls)
 51249 | Elf:3    | Identified Sif Muna's Collected Works on Assistive Attacks (You found it on level 3 of the Elven Halls)
 51268 | Elf:3    | Got a shimmering golden ring
 51296 | Elf:3    | Identified the ring of Cheibriados's Envy {Dex+3 Stlth+} (You found it on level 3 of the Elven Halls)
 51316 | Elf:3    | Identified the amulet of Lemus {Inacc rN+ Int-5 Dex+5 Stlth+} (You found it on level 3 of the Elven Halls)
 52484 | Vaults:5 | Entered Level 5 of the Vaults
 52500 | Vaults:5 | Reached XP level 23. HP: 180/215 MP: 17/23
 52511 | Vaults:5 | Received a gift from Okawaru
 54889 | Vaults:5 | Received a gift from Okawaru
 55064 | Vaults:5 | Got a silver rune of Zot
 55310 | Vaults:5 | Noticed an ancient lich
 55327 | Vaults:5 | Reached skill level 21 in Axes
 55333 | Vaults:5 | Killed an ancient lich
 55880 | Vaults:5 | Reached XP level 24. HP: 197/225 MP: 21/23
 55943 | Vaults:5 | Received a gift from Okawaru
 57050 | Vaults:4 | Got an uncursed pitted scimitar {venom}
 57053 | Vaults:4 | Identified the +6 scimitar of Blood-Lust {venom, +Blink Int-3 Dex+4} (You took it off a yaktaur captain on level 4 of the Vaults)
 57433 | Depths:1 | Entered Level 1 of the Depths
 57436 | Depths:1 | Found a runed door.
 57471 | D:15     | Reached skill level 1 in Invocations
 57636 | Depths:1 | Received a gift from Okawaru
 57697 | Depths:1 | Reached skill level 1 in Evocations
 57849 | Depths:1 | Received a gift from Okawaru
 57967 | Depths:1 | Found a gateway to a ziggurat.
 58249 | Depths:1 | Found a gateway to Hell.
 58376 | Depths:1 | Received a gift from Okawaru
 58390 | Depths:1 | Got an ichor-stained shield {god gift}
 58401 | Depths:1 | Identified the +1 shield "Lol Caki" {MR+ MP+9} (Okawaru gifted it to you on level 1 of the Depths)
 58476 | Depths:1 | Gained mutation: Scrolls take you a little longer to read. [a shining eye]
 59042 | Depths:2 | Reached skill level 5 in Invocations
 59469 | Depths:2 | Reached XP level 25. HP: 224/234 MP: 24/27
 60137 | Depths:3 | Received a gift from Okawaru
 60145 | Depths:3 | Reached skill level 5 in Evocations
 60297 | Depths:3 | Received a gift from Okawaru
 60312 | Depths:3 | Got a pair of polished boots {god gift}
 60323 | Depths:3 | Identified the +0 pair of boots "Reoraes" {+Fly rPois rCorr Dex-2} (Okawaru gifted it to you on level 3 of the Depths)
 60336 | Depths:3 | Noticed Boris
 60351 | Depths:3 | Killed Boris
 60560 | Depths:3 | Reached skill level 22 in Axes
 60583 | Depths:3 | Found a one-way gate leading to the halls of Pandemonium.
 61816 | Depths:4 | Received a gift from Okawaru
 62125 | Depths:4 | Found a burning altar of Makhleb.
 62714 | Depths:4 | Found a one-way gate to the infinite horrors of the Abyss.
 62733 | Depths:4 | Received a gift from Okawaru
 62743 | Depths:4 | Reached XP level 26. HP: 244/244 MP: 27/27
 63231 | Depths:5 | Entered Level 5 of the Depths
 63367 | Depths:4 | Received a gift from Okawaru
 63938 | Depths:5 | Found a shattered altar of Ashenzari.
 63990 | Depths:5 | Found a gate to the Realm of Zot.
 64029 | Depths:5 | Received a gift from Okawaru
 64037 | Depths:5 | Got a dazzling chain mail {god gift}
 64048 | Depths:5 | Identified the +4 chain mail of Tuliud {rPois rC+ Regen+ MP-9} (Okawaru gifted it to you on level 5 of the Depths)
 64561 | Zot:1    | Entered Level 1 of the Realm of Zot
 65628 | Zot:1    | Reached XP level 27. HP: 252/254 MP: 26/27
 66546 | Zot:2    | Received a gift from Okawaru
 69427 | Depths:1 | Received a gift from Okawaru
 69772 | Depths:5 | Upgraded the game from 0.17-a0-1851-gf12a9eb to 0.17-a0-1863-g715b4b0
 70810 | Zot:4    | Got a dazzling war axe
 70811 | Zot:4    | Identified the +6 war axe of Zin's Wrath {flame, rN+ MP+9} (You found it on level 4 of the Realm of Zot)
 71235 | Zot:5    | Entered Level 5 of the Realm of Zot
 71523 | Zot:5    | Received a gift from Okawaru
 71575 | Zot:5    | Noticed an orb of fire
 71585 | Zot:5    | Gained mutation: You tend to lose your temper in combat. [an orb of fire]
 71596 | Zot:5    | Killed an orb of fire
 71602 | Zot:5    | Noticed an ancient lich
 71823 | Zot:5    | Killed an ancient lich
 71951 | Zot:5    | Noticed an ancient lich
 71972 | Zot:5    | Killed an ancient lich
 72255 | Zot:5    | Noticed an ancient lich
 72271 | Zot:5    | Killed an ancient lich
 72392 | Zot:5    | Reached skill level 10 in Invocations
 72601 | Zot:5    | Noticed an ancient lich
 72610 | Zot:5    | Killed an ancient lich
 72619 | Zot:5    | Received a gift from Okawaru
 72709 | Zot:5    | Noticed an ancient lich
 72724 | Zot:5    | Killed an ancient lich
 73229 | Zot:5    | Noticed an orb of fire
 73238 | Zot:5    | Gained mutation: Your magical capacity is low (-10% MP). [an orb of fire]
 73249 | Zot:5    | Gained mutation: You occasionally shout uncontrollably at your foes. [an orb of fire]
 73250 | Zot:5    | Received a gift from Okawaru
 73256 | Zot:5    | Gained mutation: Your muscles are strong. (Str +2) [an orb of fire]
 73259 | Zot:5    | Killed an orb of fire
 73363 | Zot:5    | Noticed an orb of fire
 73364 | Zot:5    | Gained mutation: You are frail (-10% HP). [an orb of fire]
 73367 | Zot:5    | Gained mutation: Your body sometimes deteriorates upon taking damage. [an orb of fire]
 73387 | Zot:5    | Killed an orb of fire
 74541 | D:5      | Lost mutation: Your magical capacity is low (-10% MP). [potion of cure mutation]
 74541 | D:5      | Lost mutation: Scrolls take you a little longer to read. [potion of cure mutation]
 74541 | D:5      | Lost mutation: You are frail (-10% HP). [potion of cure mutation]
 74541 | D:5      | Lost mutation: Your muscles are strong. (Str +2) [potion of cure mutation]
 74541 | D:5      | Lost mutation: You occasionally shout uncontrollably at your foes. [potion of cure mutation]
 74542 | D:5      | Lost mutation: You tend to lose your temper in combat. [potion of cure mutation]
 74542 | D:5      | Lost mutation: Your body sometimes deteriorates upon taking damage. [potion of cure mutation]
 76214 | Zig:1    | Entered Level 1 of a ziggurat
 76327 | Zig:2    | Entered Level 2 of a ziggurat
 76489 | Zig:3    | Entered Level 3 of a ziggurat
 76784 | Zig:4    | Entered Level 4 of a ziggurat
 76856 | Zig:5    | Entered Level 5 of a ziggurat
 76950 | Zig:5    | Got a bloodstained morningstar
 76951 | Zig:5    | Identified the +10 morningstar "Qifelese" {pain, +Rage} (You found it on level 5 of a ziggurat)
 76961 | Zig:6    | Entered Level 6 of a ziggurat
 77030 | Zig:7    | Entered Level 7 of a ziggurat
 77105 | Zig:7    | Identified Willu's Papyrus of Bewitchment and Displacement (You found it on level 7 of a ziggurat)
 77113 | Zig:8    | Entered Level 8 of a ziggurat
 77129 | Zig:8    | Received a gift from Okawaru
 77204 | Zig:8    | Got an ebony trident
 77205 | Zig:8    | Identified the +6 trident of Mugiej {drain, rF+ rN+ Str+2} (You found it on level 8 of a ziggurat)
 77221 | Zig:9    | Entered Level 9 of a ziggurat
 77291 | Zig:9    | Got a faintly glowing bronze ring
 77295 | Zig:9    | Identified the ring "Goci Ysi" {Wiz MR- Dex+5} (You found it on level 9 of a ziggurat)
 77372 | Zig:10   | Entered Level 10 of a ziggurat
 77647 | Zig:10   | Reached skill level 10 in Evocations
 77660 | Zig:11   | Entered Level 11 of a ziggurat
 78241 | Zig:11   | Got a faintly glowing glass ring
 78261 | Zig:11   | Identified the ring "Baiwk" {+Inv rF+ Str-4 Dex+4 Stlth+} (You found it on level 11 of a ziggurat)
 78298 | Zig:12   | Entered Level 12 of a ziggurat
 78343 | Zig:12   | Reached skill level 23 in Fighting
 78404 | Zig:12   | Identified the Reference Book on Supportive Dislocation (You found it on level 12 of a ziggurat)
 78411 | Zig:12   | Got a brightly glowing lapis lazuli ring
 78413 | Zig:12   | Identified the ring "Temain" {+Fly rElec rF+ EV+3 Dex+4} (You found it on level 12 of a ziggurat)
 78442 | Zig:12   | Identified the Compendium of Transformation (You found it on level 12 of a ziggurat)
 78448 | Zig:12   | Got a shimmering jade ring
 78449 | Zig:12   | Identified the ring "Acyt" {MR- Int+3 Dex+5 SInv} (You found it on level 12 of a ziggurat)
 78453 | Zig:12   | Got a twisted hand crossbow
 78462 | Zig:12   | Identified the +6 hand crossbow of Trial by Ordeal {flame, Int+5 Stlth-} (You found it on level 12 of a ziggurat)
 78502 | Zig:13   | Entered Level 13 of a ziggurat
 78515 | Zig:13   | Noticed Toigus the pandemonium lord
 78534 | Zig:13   | Killed Toigus the pandemonium lord
 78534 | Zig:13   | Reached skill level 1 in Crossbows
 78565 | Zig:13   | HP: 10/258 [titanic slime creature[an infernal corrupter] (58)]
 78818 | Zig:13   | Got a fine lead ring
 78824 | Zig:13   | Identified the ring "Safoar" {+Fly Str+3} (You found it on level 13 of a ziggurat)
 78867 | Zig:14   | Entered Level 14 of a ziggurat
 78985 | Zig:14   | Identified a +2 rod of inaccuracy (9/9) (You found it on level 14 of a ziggurat)
 79004 | Zig:15   | Entered Level 15 of a ziggurat
 79049 | Zig:15   | Reached skill level 5 in Crossbows
 79165 | Zig:15   | Got a clouded glass ring
 79169 | Zig:15   | Identified the ring "Dekiufem" {rPois MP-9 Dex+3 SInv} (You found it on level 15 of a ziggurat)
 79175 | Zig:15   | Got a shimmering flail
 79176 | Zig:15   | Identified the +3 flail of Severance {freeze, rC- Int+2 Dex+2} (You found it on level 15 of a ziggurat)
 79213 | Zig:15   | Gained mutation: You have a pair of small horns on your head. [potion of beneficial mutation]
 79214 | Zig:15   | Lost mutation: You have a pair of small horns on your head. [potion of cure mutation]
 79234 | Zig:16   | Entered Level 16 of a ziggurat
 79254 | Zig:16   | Received a gift from Okawaru
 79260 | Zig:16   | Received a gift from Okawaru
 79324 | Zig:16   | Got a brightly glowing morningstar
 79334 | Zig:16   | Got a pitted turquoise ring
 79371 | Zig:16   | Identified the cursed +3 morningstar "Cadoejuu" {drain, rF+} (You found it on level 16 of a ziggurat)
 79373 | Zig:16   | Identified the ring of Zeim {*Drain rPois rN++ MP+9 Dex+2} (You found it on level 16 of a ziggurat)
 79402 | Zig:17   | Entered Level 17 of a ziggurat
 79459 | Zig:17   | Reached skill level 10 in Crossbows
 79554 | Zig:17   | Identified the Grimoire of Fiery Curses (You found it on level 17 of a ziggurat)
 79589 | Zig:17   | Got a vibrating lapis lazuli ring
 79592 | Zig:17   | Identified the ring "Ilonuwi" {-Tele +Fly rElec Dex+2} (You found it on level 17 of a ziggurat)
 79641 | Zig:18   | Entered Level 18 of a ziggurat
 79659 | Zig:18   | Noticed Qoemic the pandemonium lord
 79661 | Zig:18   | Received a gift from Okawaru
 79669 | Zig:18   | Gained mutation: Armour fits poorly on your strangely shaped body. [a cacodemon]
 79682 | Zig:18   | Killed Qoemic the pandemonium lord
 79708 | Zig:18   | Got an ancient war axe {god gift}
 79903 | Zig:18   | Identified the +6 war axe of the Evil Eye {elec, MR++ MP+9 Str+7} (Okawaru gifted it to you on level 18 of a ziggurat)
 79969 | Zig:18   | Got a heavily runed iron amulet
 79993 | Zig:18   | Identified the amulet of the Eight Deaths {Regen+ Int+2 Dex-4 Slay+5 Stlth+} (You found it on level 18 of a ziggurat)
 80015 | Zig:18   | Got a shimmering turquoise ring
 80026 | Zig:18   | Got a polished glaive
 80050 | Zig:18   | Identified the ring "Sufi" {rPois rF- MR++ SInv Stlth+} (You found it on level 18 of a ziggurat)
 80052 | Zig:18   | Identified the +3 glaive of the Moth {flame, Dex+4} (You found it on level 18 of a ziggurat)
 80070 | Zig:18   | Lost mutation: Armour fits poorly on your strangely shaped body. [potion of cure mutation]
 80071 | Zig:18   | Gained mutation: Your muscles are strong. (Str +2) [potion of beneficial mutation]
 80078 | Zig:19   | Entered Level 19 of a ziggurat
 80102 | Zig:19   | Received a gift from Okawaru
 80123 | Zig:19   | Received a gift from Okawaru
 80133 | Zig:19   | Received a gift from Okawaru
 80223 | Zig:19   | Got a coiled brass amulet
 80238 | Zig:19   | Got a coiled copper ring
 80243 | Zig:19   | Identified the ring "Keqatiq" {rF+ MR+ Str+4} (You found it on level 19 of a ziggurat)
 80244 | Zig:19   | Identified the amulet "Baraur" {Ward *Contam rN+ Str+9} (You found it on level 19 of a ziggurat)
 80372 | Zig:19   | Gained mutation: Your muscles are very strong. (Str +4) [potion of beneficial mutation]
 80412 | Zig:20   | Entered Level 20 of a ziggurat
 80432 | Zig:20   | Received a gift from Okawaru
 80505 | Zig:20   | Reached skill level 15 in Crossbows
 80804 | Zig:20   | Got a polished war axe
 80806 | Zig:20   | Got a brightly glowing great sword
 80846 | Zig:20   | Identified the +1 great sword "Tuompac" {antimagic, *Confuse rPois Str+4} (You found it on level 20 of a ziggurat)
 80848 | Zig:20   | Identified the cursed +0 war axe "Killer Bee's Regret" {flame, rElec MP-9 Str+3 Dex+2} (You found it on level 20 of a ziggurat)
 80859 | Zig:20   | Identified Lahuaxkoas's Almanac of Lethal Darkness (You found it on level 20 of a ziggurat)
 80988 | Zig:21   | Entered Level 21 of a ziggurat
 81026 | Zig:21   | HP: 2/260 [hellion/burst of hellfire (20)]
 81032 | Zig:21   | HP: 11/260 [hell knight/broad axe of flaming (11)]
 81039 | Zig:21   | HP: 13/260 [iron dragon skeleton (3)]
 81046 | Zig:21   | HP: 8/260 [??? (4)]
 81050 | Zig:21   | Slain by a sphinx zombie

Vault maps used:
D:1:      moated_graveyard_arrival
D:2:      first_bread
D:3:      minmay_misc_feat_four_crosses, uniq_natasha
D:4:      serial_glass, glass_columns_a, glass_columns_b, glass_columns_c,
          glass_columns_b, glass_columns_b, glass_columns_a
D:5:      grunt_temple_overflow_holy_war, grunt_gozag_statues,
          nicolae_overflow_crystal_walls
D:6:      nicolae_overflow_hidden_temple
D:7:      minmay_temple_entry_poolview, uniq_pikel
D:8:      serial_shops, shop, shop
D:9:      dpeg_oklobed_lair, serial_shops, shop, special_room, serial_glass,
          glass_columns_a, glass_columns_c, uniq_erica
D:11:     portal_ice_cave_entry_imps, uniq_harold
D:12:     grunt_ogre_cave, hangedman_decor_push
D:13:     grunt_vaults_entry_fortified, serial_glass, glass_columns_a,
          glass_columns_a, lemuel_flamethrower_3
D:14:     dk_noncrumbling_3, st_stairs_10, uniq_azrael
D:15:     grunt_enter_depths_magical_seal, uniq_kirke, uniq_urug
Temple:   water_room_temple_a_12
Lair:1:   serial_bayou_shore_a, grunt_megastairs_4, uniq_grum
Lair:3:   minmay_swamp_entry_swarm
Lair:4:   lemuel_fruit_fields
Lair:5:   beast_lair_carwin_large_1, uniq_snorg
Lair:6:   minmay_snake_entry_six_corridors, lab_entry_generic,
          nicolae_volcano_entry_hallway, grunt_forest_stairs_basic,
          serial_bayou_shore_b, lemuel_fruit_tree
Lair:7:   dpeg_slime_entry_corner
Lair:8:   minmay_lair_end_enchanted_forest, minivault_19, uniq_josephine
Swamp:1:  nicolae_swamp_round_clearing, infiniplex_staircase_pool_2
Swamp:2:  evilmike_swamp_ruin_house_2, infiniplex_staircase_pool, uniq_louise
Swamp:3:  evilmike_swamp_ruin_house_3, uniq_aizul
Swamp:4:  swamp_icy, uniq_mara
Snake:1:  grunt_megastairs_3, uniq_rupert
Snake:2:  basic_altar
Snake:3:  uniq_wiglaf
Snake:4:  minmay_snake_end_coiled, serial_shops, shop, uniq_asterion,
          uniq_vashnia
Orc:2:    serial_shops, shop, nicolae_orc_lost_temple, uniq_maurice
Orc:3:    serial_shops, shop, nicolae_shop_behind_doors, shop, shop, shop,
          nicolae_orc_pool_cavern, nicolae_orc_lava_room
Orc:4:    st_orc_rangers, serial_shops, shop
Elf:1:    serial_shops, shop, nicolae_trove_entry_diagonal, evilmike_minifort,
          fountainhead, lemuel_blue_sif_altar, uniq_agnes
Elf:2:    serial_shops, nicolae_shop_crystal, uniq_saint_roka
Elf:3:    elf_hall, st_stairs_4
Vaults:1: ontoclasm_vaults_spin, ontoclasm_vaults_gateway, v_misc_5,
          ontoclasm_vaults_eye, ontoclasm_vaults_chip, v_rooms_5,
          v_alt_pattern_2, nicolae_vaults_little_squares_6, serial_ice_h
Vaults:2: vaults_dpeg_diagonal, hangedman_vaults_stream, vaults_mumra_minichess,
          vaults_mumra_hex, vaults_room_door_ring, hangedman_vaults_cutoff,
          grunt_vaults_diagonal, nicolae_vaults_border_crossing, v_pattern_2,
          v_misc_23, hangedman_vaults_corner_blocks, v_misc_25, serial_shops,
          shop
Vaults:3: nicolae_vaults_lopsided_apartments, minmay_crypt_entry_simple_walls,
          dpeg_vaults_monster_row, vaults_room_corners, ontoclasm_vaults_tryst,
          v_misc_27, ontoclasm_vaults_decontamination,
          nicolae_vaults_shelves_hall, nicolae_vaults_mini_display_case,
          serial_shops, nicolae_shop_stone, nicolae_shop_window_shopping, shop,
          shop, shop, uniq_mennas, uniq_jorgrun
Vaults:4: grunt_vaults_bifocal, vaults_standard_mumra_x, v_misc_5,
          vaults_room_pool, st_lattice, v_pattern_4,
          nicolae_vaults_ninety_degrees, nicolae_vaults_big_angled_halls,
          hangedman_vaults_impose, v_misc_18, ontoclasm_vaults_ligature,
          vaults_dpeg_hooks, nicolae_vaults_little_squares_4,
          hangedman_vaults_slice
Depths:1: enter_ziggurat_c, grunt_hell_horde, glass_columns_a,
          hangedman_abyss_or_decor_passed, roderic_ancient_swastika,
          minmay_misc_feat_roman, minmay_hidden_floor, grunt_megastairs_2,
          firewood_loft
Depths:2: onia_ninara_swampy_vault, hell_entry, minmay_misc_feat_plants,
          grunt_megastairs_5, minmay_staircase_windowed_large
Depths:3: minmay_nine_rooms, grunt_pan_entry_zigzag, minmay_misc_feat_pillars,
          pf_hell_entry_tar_river, infiniplex_staircase_spiral_double,
          uniq_boris
Depths:4: minmay_ice_pillars, roderic_lattice_octagonal_star, hell_entry,
          minmay_room_of_horrors, kennysheep_flooded_box
Depths:5: grunt_zot_entry_bicorn, old_standard_altar, hell_entry
Zot:3:    st_stairs_6, st_single_dragon_hoard_4
Zot:5:    bh_zot_ikea_curve, hangedman_zot_decor_tridents,
          hangedman_zot_decor_scrapings, nicolae_zot_crop_circle
Zig:10:   ziggurat_loot_3
Zig:13:   ziggurat_pillar_centre_c
Zig:14:   ziggurat_pillar_centre_dead_trees
Zig:18:   ziggurat_pillar_centre_smoke
Zig:21:   ziggurat_pillar_centre_drop
Volcano:  volcano_tomb

Action                   |  1- 3 |  4- 6 |  7- 9 | 10-12 | 13-15 | 16-18 | 19-21 | 22-24 | 25-27 || total
-------------------------+-------+-------+-------+-------+-------+-------+-------+-------+-------++-------
Melee: War axe           |   130 |    72 |   317 |   826 |     8 |    13 |       |       |       ||  1366
       Scimitar          |       |       |       |     5 |    10 |       |       |       |       ||    15
       Broad axe         |       |       |       |   144 |   902 |  1010 |  1493 |  1445 |  2837 ||  7831
 Fire: Hand crossbow     |       |       |       |       |       |       |       |       |    17 ||    17
Throw: Tomahawk          |       |       |     4 |     2 |       |       |       |       |       ||     6
Invok: Heroism           |       |       |       |    18 |     9 |    16 |    22 |    24 |    53 ||   142
Evoke: Wand              |       |       |       |       |       |       |     2 |     4 |     6 ||    12
  Use: Potion            |     1 |     2 |     1 |     3 |       |     1 |     9 |     4 |    63 ||    84
       Scroll            |       |       |     5 |     7 |     8 |    14 |     7 |     6 |    37 ||    84
 Stab: Confused          |       |       |       |       |       |       |       |     1 |     5 ||     6
       Paralysed         |       |       |       |       |       |       |       |       |     3 ||     3
       Distracted        |       |       |       |       |       |       |       |       |     4 ||     4
  Eat: Chunk             |       |     2 |     5 |    28 |    22 |    24 |    28 |    29 |    30 ||   168
       Pizza             |       |     1 |     1 |       |     1 |       |     1 |     3 |     4 ||    11
       Meat ration       |       |     1 |     1 |     1 |       |       |     1 |       |    11 ||    15
       Beef jerky        |       |       |       |     3 |       |       |       |       |     1 ||     4
       Fruit             |       |       |       |     3 |     4 |    11 |     8 |       |     2 ||    28
       Royal jelly       |       |       |       |     1 |       |       |       |       |     1 ||     2
       Bread ration      |       |       |       |       |     1 |       |       |       |       ||     1
